 Dungeon Crawl Stone Soup version 0.24-a0-319-g827b87a (webtiles) character file.

Game seed: 16794918969500492728

23528 Darkshadow the Bludgeoner (level 12, 0/112 HPs)
             Began as a Minotaur Berserker on May 16, 2019.
             Was a High Priest of Trog.
             Slain by a meliai
             ... wielding a +0 hand axe
              (7 damage)
             ... on level 5 of the Lair of Beasts.
             The game lasted 01:05:19 (14115 turns).

Darkshadow the Bludgeoner (Minotaur Berserker)     Turns: 14115, Time: 01:05:19

Health: 0/112      AC: 17    Str: 23    XL:     12   Next: 72%
Magic:  14/14      EV:  8    Int:  4    God:    Trog [*****.]
Gold:   791        SH: 12    Dex: 14    Spells: 11/11 levels left

rFire    . . .     SeeInvis .   K - +0 morningstar
rCold    + . .     Gourm    .   T - +0 shield
rNeg     . . .     Faith    .   y - +1 chain mail {rC+}
rPois    +         Spirit   .   (helmet restricted)
rElec    .         Reflect  .   t - +0 cloak
rCorr    .         Harm     .   (no gloves)
MR       ++...                  F - +1 pair of boots
Stlth    ..........             Z - amulet of regeneration
HPRegen  1.68/turn              u - +1 ring of slaying
MPRegen  0.14/turn              L - ring of poison resistance

@: lethally poisoned (0 -> 0), berserk cooldown, regenerating, slowed, very slow
A: retaliatory headbutt, horns 2
a: Berserk, Trog's Hand, Brothers in Arms, Renounce Religion


You were on level 5 of the Lair of Beasts.
You worshipped Trog.
Trog was extremely pleased with you.
You were not hungry.

You visited 2 branches of the dungeon, and saw 15 of its levels.
You also visited: Sewer and Bailey.

You collected 791 gold pieces.

Inventory:

Hand Weapons
 a - a +1 mace
 H - a +4 flail
 K - a +0 morningstar (weapon)
 P - a +3 morningstar of distortion
Missiles
 e - 7 javelins (quivered)
Armour
 i - a +0 plate armour
 t - a +0 cloak (worn)
 y - a +1 chain mail of cold resistance (worn)
 F - a +1 pair of boots (worn)
 I - a +1 chain mail
 T - a +0 shield (worn)
Jewellery
 b - an uncursed ring of ice
 d - a +4 ring of evasion
 q - an uncursed ring of fire {unknown}
 u - a +1 ring of slaying (left hand)
 B - an uncursed ring of positive energy {unknown}
 D - the ring of Xom's Castigation {rCorr rPois MR- Int+2 Stlth+}
   (You found it on level 6 of the Dungeon)

   [ring of resist corrosion]

   It affects your intelligence (+2).
   It protects you from poison.
   It affects your resistance to hostile enchantments.
   It makes you more stealthy.
 L - a ring of poison resistance (right hand)
 Z - an amulet of regeneration (around neck)
Wands
 o - a wand of paralysis (6)
 w - a wand of acid (20)
 G - a wand of clouds (6)
 J - a wand of iceblast (13)
 O - a wand of digging (6)
Scrolls
 f - 4 scrolls of enchant weapon
 m - 2 scrolls of teleportation {unknown}
 p - a scroll of magic mapping
 r - 5 scrolls of remove curse {@r2}
 s - 2 scrolls of identify {@r1}
 A - a scroll of enchant armour
 C - 3 scrolls of blinking {unknown}
 E - a scroll of random uselessness {unknown}
 Q - 2 scrolls of fog {unknown}
 R - a scroll of acquirement {unknown}
 V - 2 scrolls of noise {unknown}
Potions
 g - 5 potions of heal wounds
 h - 3 potions of ambrosia
 j - 2 potions of agility
 k - 4 potions of might
 l - 7 potions of curing {@q1}
 n - 7 potions of flight
 v - a potion of berserk rage {unknown}
 x - 3 potions of mutation
 z - 3 potions of lignification
 M - a potion of magic {unknown}
 N - a potion of cancellation {unknown}
 S - a potion of haste {unknown}
 U - a potion of degeneration {unknown}
 X - a potion of resistance
Comestibles
 c - 9 rations


   Skills:
 + Level 11.8 Fighting
 * Level 15.7 Maces & Flails
 + Level 11.6 Armour
 - Level 2.2 Dodging
 * Level 10.4 Shields
 - Level 4.1 Evocations


You had 11 spell levels left.
You didn't know any spells.
Your spell library was empty.

Dungeon Overview and Level Annotations

Branches:
Dungeon (10/15)            Temple (0/1) D:6            Lair (5/6) D:10
  Swamp (0/4) Lair:2          Orc (0/2) D:10
  Snake: Lair:2-4    Spider: Lair:2-4     Slime: Lair:5-6

Altars:
Ashenzari
Elyvilon
Gozag
Hepliaklqana
Makhleb
Sif Muna
Vehumet
Xom
Zin

Annotations:
Lair:2 exclusion: oklob plant


Innate Abilities, Weirdness & Mutations

You reflexively headbutt those who attack you in melee.
You have a pair of horns on your head.


Message History

You block the water moccasin's attack. The meliai hits you with a +0 hand axe!
* * * LOW HITPOINT WARNING * * *
The meliai hits your ogre with a +0 hand axe!
You block the meliai's attack. The blink frog hits your ogre!
Your ogre dies!
Your ogre's corpse disappears in a puff of smoke!
You block the water moccasin's attack. The meliai closely misses you.
You block the meliai's attack.
The blink frog blinks! x2
Okay, then.
Okay, then.
Your two-headed ogre goes berserk!
You feel quite a bit more hungry.
You feel sick.
The meliai mumbles some strange prayers to its god against you.
Something smites you!
* * * LOW HITPOINT WARNING * * *
The water moccasin bites you but does no damage.
The blink frog blinks! x2; The meliai hits you with a +0 hand axe.
* * * LOW HITPOINT WARNING * * *
The meliai stings you!
You die...

... ....#
#..###....# .
##..#....#.#F#
#...........
##..#.......
#.....⌠.⌠.## #
...........#...
.......y†§....+
#..#...@YO.F..#
#...#§⌠YS..#..#
##.......Y#..##
#F.....§F.Y.#
##..#...#..#..
#..#.###..# Y
#.... ... .# ..
#..


You could see 4 yaks, 3 blink frogs, a water moccasin, a meliai and a friendly
two-headed ogre (berserk).

Vanquished Creatures
  2 hydras (Lair:2)
  A centaur warrior (D:10)
  3 deep elf magi (Bailey)
  A black mamba (Lair:3)
  A torpor snail (Lair:2)
  2 spiny frogs
  2 rime drakes
  3 komodo dragons
  A troll (D:9)
  3 hippogriffs
  52 yaks
  A wyvern (Lair:1)
  Menkaure (D:6)
  A warg (D:10)
  12 water moccasins
  9 porcupines
  Duvessa (D:7)
  4 sky beasts
  A phantom (D:10)
  A hornet zombie (D:9)
  2 orc warriors (D:10)
  4 ice beasts
  A necrophage (D:6)
  2 ogres
  6 centaurs
  5 crocodiles
  12 wolves
  A wyvern zombie (D:10)
  2 big kobolds
  7 bullfrogs
  Dowan (D:7)
  3 scorpions
  8 wights (D:6)
  16 killer bees
  2 howler monkeys (D:9)
  4 crimson imps
  A bullfrog zombie (D:9)
  7 orc wizards
  A centaur skeleton (D:10)
  A jelly (D:7)
  5 orc priests
  A hound (D:3)
  3 iguanas
  3 worker ants
  A statue (D:8)
  3 hound skeletons
  A howler monkey zombie (D:7)
  A worker ant zombie (D:2)
  10 gnolls
  A howler monkey skeleton (D:8)
  11 adders
  A river rat (Sewer)
  2 shadow imps
  2 adder zombies
  A worm (D:3)
  A dart slug (D:1)
  5 leopard geckos
  36 orcs
  5 ball pythons
  7 giant cockroaches
  9 hobgoblins
  8 jackals
  3 quokkas
  9 bats
  3 frilled lizards
  9 goblins
  2 jackal zombies
  15 kobolds
  2 quokka skeletons (D:4)
  9 rats
357 creatures vanquished.

Vanquished Creatures (collateral kills)
  Fannar (Lair:1)
  4 yaks (Lair:2)
  2 bullfrogs (Lair:5)
7 creatures vanquished.

Vanquished Creatures (others)
  A water moccasin (Lair:3)
  An orc priest (D:7)
  A worker ant (D:7)
  An adder zombie (D:7)
  4 fungi
  5 plants (Lair:2)
13 creatures vanquished.

Grand Total: 377 creatures vanquished

Notes
Turn   | Place    | Note
-------+----------+-------------------------------------------
     0 | D:1      | Darkshadow the Minotaur Berserker began the quest for the
                  | Orb.
     0 | D:1      | Reached XP level 1. HP: 19/19 MP: 0/0
   148 | D:1      | Reached skill level 4 in Maces & Flails
   165 | D:1      | Reached XP level 2. HP: 27/27 MP: 1/1
  1185 | D:2      | Found an opulent altar of Gozag.
  1278 | D:2      | Reached XP level 3. HP: 25/33 MP: 2/2
  1450 | D:2      | Found a hazy altar of Hepliaklqana.
  1451 | D:2      | Found a shimmering altar of Xom.
  1451 | D:2      | Noticed a yak
  1452 | D:2      | Noticed a yak
  1452 | D:2      | Noticed a spectral ugly thing
  1455 | D:2      | Reached ** piety under Trog
  1915 | D:3      | Reached skill level 5 in Maces & Flails
  1915 | D:3      | Reached XP level 4. HP: 32/41 MP: 3/3
  2175 | D:3      | Reached skill level 1 in Evocations
  2175 | D:3      | Reached XP level 5. HP: 40/47 MP: 4/4
  2695 | D:3      | Reached skill level 6 in Maces & Flails
  2695 | D:3      | Reached XP level 6. HP: 55/55 MP: 6/6
  2696 | D:3      | Reached skill level 5 in Fighting
  3034 | D:4      | Reached *** piety under Trog
  3598 | D:4      | Found a white marble altar of Elyvilon.
  4094 | D:5      | Entered Level 5 of the Dungeon
  4301 | D:5      | Found a glowing silver altar of Zin.
  4384 | D:5      | Reached XP level 7. HP: 54/61 MP: 7/7
  4500 | D:5      | Reached skill level 7 in Maces & Flails
  4686 | D:5      | Found a deep blue altar of Sif Muna.
  4950 | D:6      | Got a smoking silver ring
  5080 | D:6      | Found a glowing drain.
  5153 | D:6      | Noticed Menkaure
  5162 | D:6      | Killed Menkaure
  5162 | D:6      | Reached skill level 5 in Armour
  5247 | Sewer    | Entered a sewer
  5420 | Sewer    | Found a glowing silver altar of Zin.
  5835 | D:6      | Reached skill level 8 in Maces & Flails
  5839 | D:6      | Reached XP level 8. HP: 69/70 MP: 9/9
  6032 | D:6      | Reached **** piety under Trog
  6068 | D:6      | Found a burning altar of Makhleb.
  6173 | D:6      | Found a staircase to the Ecumenical Temple.
  6322 | D:6      | Found a shattered altar of Ashenzari.
  6422 | D:7      | Noticed a hippogriff
  6431 | D:6      | Killed a hippogriff
  6431 | D:6      | Reached skill level 9 in Maces & Flails
  6749 | D:7      | Noticed Dowan
  6750 | D:7      | Noticed Duvessa
  6759 | D:7      | Killed Duvessa
  6759 | D:7      | Reached XP level 9. HP: 60/77 MP: 11/11
  6766 | D:7      | Killed Dowan
  6766 | D:7      | Reached skill level 10 in Maces & Flails
  6849 | D:7      | Found a flagged portal.
  6863 | Bailey   | Entered a bailey
  6872 | Bailey   | Noticed a deep elf mage
  6883 | Bailey   | Killed a deep elf mage
  6892 | Bailey   | Noticed a deep elf mage
  6893 | Bailey   | Noticed a deep elf mage
  6893 | Bailey   | Noticed a deep elf mage
  6896 | Bailey   | Noticed a rust devil
  6899 | Bailey   | Noticed a demonic crawler
  6899 | Bailey   | Killed a deep elf mage
  6899 | Bailey   | Reached skill level 11 in Maces & Flails
  6900 | Bailey   | Noticed a deep elf mage
  6900 | Bailey   | Noticed a deep elf mage
  6900 | Bailey   | Noticed a deep elf mage
  6905 | Bailey   | Killed a deep elf mage
  6911 | Bailey   | Noticed a red devil
  7701 | D:8      | Identified the ring of Xom's Castigation {rCorr rPois MR-
                  | Int+2 Stlth+} (You found it on level 6 of the Dungeon)
  7758 | D:8      | Reached XP level 10. HP: 91/91 MP: 12/12
  7967 | D:8      | Found a radiant altar of Vehumet.
  8141 | D:8      | Reached skill level 12 in Maces & Flails
  8529 | D:9      | Found an opulent altar of Gozag.
  9143 | D:10     | Entered Level 10 of the Dungeon
  9182 | D:10     | Found a staircase to the Lair.
  9199 | D:10     | Noticed a centaur warrior
  9208 | D:10     | Killed a centaur warrior
  9208 | D:10     | Reached skill level 1 in Shields
  9393 | D:10     | Reached skill level 13 in Maces & Flails
  9555 | D:10     | Reached skill level 10 in Fighting
  9624 | D:10     | Found a staircase to the Orcish Mines.
 10097 | Lair:1   | Entered Level 1 of the Lair of Beasts
 10097 | Lair:1   | Noticed a spiny frog
 10113 | Lair:1   | Killed a spiny frog
 10279 | Lair:1   | Reached XP level 11. HP: 96/99 MP: 13/13
 10281 | Lair:1   | Reached ***** piety under Trog
 10606 | Lair:1   | Reached skill level 10 in Armour
 10608 | Lair:1   | Reached skill level 5 in Shields
 10816 | Lair:1   | Received a gift from Trog
 10959 | Lair:1   | Noticed Fannar
 10971 | Lair:1   | Killed Fannar
 11142 | Lair:1   | Reached skill level 14 in Maces & Flails
 11481 | Lair:2   | Noticed an oklob plant
 11598 | Lair:2   | Found a staircase to the Swamp.
 12107 | Lair:2   | Noticed a five-headed hydra
 12117 | Lair:2   | Killed a five-headed hydra
 12117 | Lair:2   | Reached XP level 12. HP: 110/110 MP: 14/14
 12236 | Lair:2   | Noticed an eight-headed hydra
 12253 | Lair:2   | Killed an eight-headed hydra
 12302 | Lair:2   | Reached skill level 15 in Maces & Flails
 13308 | Lair:3   | Received a gift from Trog
 13449 | Lair:3   | Found the +8 whip "Snakebite" {curare, rPois}
 13721 | Lair:4   | Reached skill level 10 in Shields
 14115 | Lair:5   | Slain by a meliai

Levels and vault maps discovered:
D:1:      ncdulo_halloftheorcs, layout_loops_ring, serial_forest,
          infiniplex_forest_corner_1, infiniplex_forest_clump_large,
          infiniplex_forest_lined_corner, infiniplex_forest_lined_ring,
          infiniplex_forest_straight_4
D:2:      wander_river, layout_basic, regret_index_temple_of_mockery,
          first_ration, serial_park_tiny_1,
          nicolae_gozag_cash_rules_everything_around_me
D:3:      layout_basic, minmay_misc_feat_columns
D:4:      layout_gridville, elyvilon_altar_5, corexii_checkpoint_a
D:5:      layout_loops_ring, zin_academy, lemuel_blue_sif_altar
D:6:      layout_basic, lemuel_coloured_pillars_altar,
          makhleb_blood_cavern_becter, minmay_temple_entry_hall,
          gup_sewer_entry_spiral, uniq_menkaure
D:7:      layout_cave_pools, enter_bailey_2, lemuel_old_faithful, uniq_duvessa
D:8:      layout_basic, vehumet_statue
D:9:      layout_rooms, lemuel_round_altar
D:10:     layout_loops_ring, lair_entry_dummy, erik_orc_4
Lair:1:   layout_loops_ring, minivault_24, grunt_megastairs_3, uniq_fannar
Lair:2:   minmay_lair_oklob_tunnel, layout_regular_city, swamp_mist,
          wad_woods_03, infiniplex_staircase_pool
Lair:3:   minmay_guarded_unrand_snakebite, layout_regular_city,
          serial_bayou_ford_a, chequers_serial_rivers_micro_a
Lair:4:   regret_index_wax_grids, layout_cave_pods, dummy_snake_entry
Lair:5:   layout_regular_city, lemuel_altar_in_water2, grunt_megastairs_2

Skill      XL: |  1  2  3  4  5  6  7  8  9 10 11 12 |
---------------+-------------------------------------+-----
Maces & Flails | 4 5 6 8 9 11 13 14 15 | 15.7
Fighting       | 4 5 6 7 9 10 11 | 11.8
Armour         | 3 4 5 6 8 9 10 11 | 11.6
Evocations     | 1 2 3 4 |  4.1
Shields        | 4 8 10 | 10.4
Dodging        | |  2.2

Action                   |  1- 3 |  4- 6 |  7- 9 | 10-12 || total
-------------------------+-------+-------+-------+-------++-------
Melee: Mace              |    76 |    89 |    97 |       ||   262
       Headbutt          |    11 |    15 |    46 |   169 ||   241
       Flail             |       |       |   134 |   483 ||   617
       Morningstar       |       |       |       |   128 ||   128
Throw: Javelin           |     1 |    31 |    11 |    11 ||    54
Invok: Berserk           |       |     3 |    10 |    10 ||    23
       Trog's Hand       |       |       |     6 |     2 ||     8
       Brothers in Arms  |       |       |       |     4 ||     4
Evoke: Wand              |       |       |     2 |     2 ||     4
  Use: Scroll            |       |       |     9 |     7 ||    16
       Potion            |       |       |     1 |     2 ||     3
 Stab: Sleeping          |       |     1 |       |       ||     1
       Paralysed         |       |       |     2 |       ||     2
       Distracted        |       |       |       |     1 ||     1
  Eat: Chunk             |     3 |    11 |    11 |    25 ||    50
       Ration            |       |       |     3 |     3 ||     6
Armor: Animal skin       |    19 |    10 |    21 |       ||    50
       Chain mail        |       |       |   106 |   170 ||   276
       Plate armour      |       |       |       |    87 ||    87
Dodge: Dodged            |    53 |    58 |   134 |   175 ||   420
Block: Shield            |       |       |       |   253 ||   253

Table legend:
 A = Non-vault XP
 B = Vault XP
 C = Vault XP percentage of total XP
 D = Non-vault monster count
 E = Vault monster count
 F = Vault count percentage of total count
                 A         B        C        D         E       F
            +---------+---------+-------+---------+---------+-------
      Total |   28344 |    5268 |  15.7 |     306 |      60 |  16.4
            +---------+---------+-------+---------+---------+-------
        D:1 |      33 |       0 |   0.0 |      17 |       0 |   0.0
        D:2 |      48 |       0 |   0.0 |      14 |       0 |   0.0
        D:3 |     334 |       0 |   0.0 |      46 |       0 |   0.0
        D:4 |     238 |       3 |   1.2 |       8 |       2 |  20.0
        D:5 |     332 |       0 |   0.0 |      14 |       0 |   0.0
        D:6 |    1181 |     332 |  21.9 |      29 |      10 |  25.6
        D:7 |     898 |     213 |  19.2 |      28 |       2 |   6.7
        D:8 |     958 |      32 |   3.2 |      13 |       1 |   7.1
        D:9 |    1284 |       0 |   0.0 |      17 |       0 |   0.0
       D:10 |    1832 |     521 |  22.1 |      15 |      16 |  51.6
     Lair:1 |    6217 |     629 |   9.2 |      33 |       2 |   5.7
     Lair:2 |    8456 |       0 |   0.0 |      36 |       0 |   0.0
     Lair:3 |    2880 |    1160 |  28.7 |      17 |       8 |  32.0
     Lair:4 |    3653 |     513 |  12.3 |      19 |       7 |  26.9
     Lair:5 |       0 |     122 | 100.0 |       0 |       2 | 100.0
      Sewer |       0 |     111 | 100.0 |       0 |       7 | 100.0
     Bailey |       0 |    1632 | 100.0 |       0 |       3 | 100.0
            +---------+---------+-------+---------+---------+-------
